 Dungeon Crawl Stone Soup version 0.29-a0-352-g0917bc69df (webtiles) character file.

Game seed: 10106200640190860509

59 101zpm the Gusty (level 4, 0/32 HPs)
             Began as a Gnoll Air Elementalist on Apr 24, 2022.
             Slain by an orc priest
             ... wielding a +0 hand axe
              (3 damage)
             ... on level 3 of the Dungeon.
             The game lasted 00:04:51 (2212 turns).

101zpm the Gusty (Gnoll Air Elementalist)           Turns: 2212, Time: 00:04:52

Health: 0/32       AC:  2    Str:  7    XL:     4   Next: 3%
Magic:  0/11       EV: 13    Int: 16    God:
Gold:   86         SH:  0    Dex: 13    Spells: 12/13 levels left

rFire   . . .      SeeInvis .     - Unarmed
rCold   . . .      Faith    .   (no shield)
rNeg    . . .      Spirit   .   a - +0 robe
rPois   .          Reflect  .   (no helmet)
rElec   .          Harm     .   (no cloak)
rCorr   .          Rampage  .   (no gloves)
Will    .....                   (no boots)
Stlth   +++.......              (no amulet)
HPRegen 0.10/turn               (no ring)
MPRegen 0.12/turn               (no ring)

@: no status effects
A: fangs 1, strong nose, distributed training
a: no special abilities


You were on level 3 of the Dungeon.
You visited 1 branch of the dungeon, and saw 3 of its levels.

You collected 86 gold pieces.

Inventory:

Armour
 a - a +0 robe (worn)
Jewellery
 l - a ring of resist corrosion
Scrolls
 d - 5 scrolls of identify {unknown}
 f - a scroll of vulnerability {unknown}
 g - a scroll of fog {unknown}
 j - a scroll of torment {unknown}
 k - a scroll of acquirement {unknown}
 m - a scroll of holy word {unknown}
 q - a scroll of blinking {unknown}
Potions
 b - a potion of magic
 c - a potion of heal wounds {unknown}
 e - 3 potions of curing {unknown}
 h - a potion of resistance {unknown}
 i - a potion of flight {unknown}
 n - 2 potions of mutation {unknown}
 o - a potion of degeneration {unknown}
 p - a potion of haste {unknown}


   Skills:
 + Level 1.0 Fighting
 + Level 1.0 Short Blades
 + Level 1.0 Long Blades
 + Level 1.0 Axes
 + Level 1.0 Maces & Flails
 + Level 1.0 Polearms
 + Level 1.0 Staves
 + Level 1.0 Slings
 + Level 1.0 Bows
 + Level 1.0 Crossbows
 + Level 1.0 Throwing
 + Level 1.0 Armour
 + Level 4.6 Dodging
 + Level 4.2 Stealth
 + Level 1.0 Shields
 + Level 1.0 Unarmed Combat
 + Level 5.0 Spellcasting
 + Level 2.2 Conjurations
 + Level 0.7 Hexes
 + Level 0.7 Summonings
 + Level 0.7 Necromancy
 + Level 0.7 Translocations
 + Level 0.7 Transmutations
 + Level 0.7 Fire Magic
 + Level 0.7 Ice Magic
 + Level 5.4 Air Magic
 + Level 0.7 Earth Magic
 + Level 0.7 Poison Magic
 + Level 1.1 Invocations
 + Level 1.0 Evocations


You had 12 spell levels left.
You knew the following spells:

 Your Spells              Type           Power      Damage    Failure   Level
a - Shock                 Conj/Air       64%        1d7       3%          1

Your spell library contained the following spells:

 Spells                   Type           Power      Damage    Failure   Level
 Static Discharge         Conj/Air       16%        N/A       4%          2
 Swiftness                Air            21%        N/A       4%          3
 Airstrike                Air            10%        N/A       16%         4
 Ozocubu's Armour         Ice            6%         N/A       32%         3
 Ozocubu's Refrigeration  Ice            3%         4d5       100%        7


Dungeon Overview and Level Annotations

Branches:
Dungeon (3/15)

Altars:
Fedhas
Gozag
Uskayaw

Annotations:
D:2 Robin


Innate Abilities, Weirdness & Mutations

You have very sharp teeth.
Your uncanny sense of smell can sniff out nearby items.
Your experience applies equally to all skills.


Message History

Aiming: Shock (safe; 3% risk of failure)
Press: ? - help, Q - select action Shift-Dir - straight line, f/p - orc
Aim: an orc, wielding a +0 trident and wearing a +0 chain mail (79% to hit)
The zap hits the orc priest.
The orc priest is severely wounded.
The zap hits the orc.
The orc is severely wounded.
The orc wizard shouts!
The orc wizard gestures at you while chanting.
The magic dart hits you.
The orc priest mumbles some strange prayers to Beogh against you.
Pain shoots through your body!
* * * LOW HITPOINT WARNING * * *
Aiming: Shock (safe; 3% risk of failure)
Press: ? - help, Q - select action Shift-Dir - straight line, f - orc priest, p - orc
Aim: an orc priest, wielding a +0 hand axe and wearing a +0 ring mail (severely wounded, 75% to hit)
You miscast Shock.
You are very lightly contaminated with residual magic.
Nothing appears to happen.
Aiming: Shock (safe; 3% risk of failure)
Press: ? - help, Q - select action Shift-Dir - straight line, f - orc wizard, p - orc priest
Aim: an orc wizard, wielding a +0 dagger and wearing a +0 robe (64% to hit)
The zap hits the orc priest.
The orc priest is almost dead.
The zap hits the orc.
You kill the orc!
The zap misses the orc wizard.
You don't have enough magic to cast this spell.
The orc wizard casts a spell.
The orc wizard flickers and vanishes!
Deactivating autopickup; reactivate with Ctrl-A.
Something tries to affect you, but you resist.
Your magical contamination has completely faded away.
Aiming: Shock (safe; 3% risk of failure)
Press: ? - help, Q - select action Shift-Dir - straight line, f - orc priest
Aim: an orc priest, wielding a +0 hand axe and wearing a +0 ring mail (almost dead, 75% to hit)
The zap misses the orc priest.
The orc priest attacks as you move away!
The orc priest hits you with a +0 hand axe.
You die...

######
##.....#..>...
##.?.........)...
#.>.........)......
#..................
#.@................
#.o......).#.......
#.................
#.........._....#
##.............#
##.....#..#...#
########...#.#
#####.# ##.#


You could see an orc priest.

Vanquished Creatures
  An adder (D:3)
  2 worms (D:2)
  A dart slug (D:1)
  3 orcs (D:3)
  3 endoplasms (D:1)
  A giant cockroach (D:1)
  5 hobgoblins
  2 kobolds
  3 quokkas
  6 ball pythons
  4 frilled lizards
  2 goblins
  7 rats
40 creatures vanquished.

Notes
Turn   | Place    | Note
-------+----------+-------------------------------------------
     0 | D:1      | 101zpm the Gnoll Air Elementalist began the quest for the
                  | Orb.
     0 | D:1      | Reached XP level 1. HP: 13/13 MP: 6/6
   365 | D:1      | Reached XP level 2. HP: 19/19 MP: 3/7
  1019 | D:2      | Noticed Robin
  1107 | D:2      | Reached XP level 3. HP: 25/25 MP: 5/9
  1152 | D:2      | Reached skill level 5 in Spellcasting
  1839 | D:2      | Found an opulent altar of Gozag.
  1913 | D:2      | Reached skill level 1 in Invocations
  1993 | D:3      | Reached skill level 1 in Fighting
  1993 | D:3      | Reached skill level 1 in Short Blades
  1993 | D:3      | Reached skill level 1 in Long Blades
  1993 | D:3      | Reached skill level 1 in Axes
  1993 | D:3      | Reached skill level 1 in Maces & Flails
  1993 | D:3      | Reached skill level 1 in Polearms
  1993 | D:3      | Reached skill level 1 in Staves
  1993 | D:3      | Reached skill level 1 in Slings
  1993 | D:3      | Reached skill level 1 in Bows
  1993 | D:3      | Reached skill level 1 in Crossbows
  1993 | D:3      | Reached skill level 1 in Throwing
  1993 | D:3      | Reached skill level 1 in Armour
  1993 | D:3      | Reached skill level 1 in Shields
  1993 | D:3      | Reached skill level 1 in Unarmed Combat
  1993 | D:3      | Reached skill level 1 in Evocations
  2143 | D:3      | Noticed a +0 short sword
  2144 | D:3      | Noticed a +0 spear
  2145 | D:3      | Noticed a +0 short sword
  2145 | D:3      | Noticed a +0 spear
  2145 | D:3      | Noticed a +0 falchion
  2146 | D:3      | Noticed a +0 falchion
  2146 | D:3      | Noticed a +0 dagger
  2147 | D:3      | Noticed a +0 dagger
  2151 | D:3      | Found a hide-covered altar of Uskayaw.
  2182 | D:3      | Found a blossoming altar of Fedhas.
  2199 | D:3      | Reached XP level 4. HP: 17/32 MP: 3/11
  2212 | D:3      | Slain by an orc priest

Illustrated notes

Levels and vault maps discovered:
D:1:      sevenhm_arrival_forest_fort_small_6, layout_basic
D:2:      layout_loops_ring, basic_altar, chequers_ecumenical_altar_twisty,
          uniq_sigmund, uniq_natasha, uniq_robin
D:3:      layout_rooms, nicolae_uskayaw_en_pointe,
          nicolae_overflow_hallway_of_the_gods, mainiacjoe_overflow_tiny_flanked

Skill      XL: |  1  2  3 |
---------------+----------+-----
Conjurations   | 2 |  2.2
Spellcasting   | 5 |  5.0
Invocations    | 1 |  1.1
Fighting       | 1 |  1.0
Short Blades   | 1 |  1.0
Long Blades    | 1 |  1.0
Axes           | 1 |  1.0
Maces & Flails | 1 |  1.0
Polearms       | 1 |  1.0
Staves         | 1 |  1.0
Slings         | 1 |  1.0
Bows           | 1 |  1.0
Crossbows      | 1 |  1.0
Throwing       | 1 |  1.0
Armour         | 1 |  1.0
Shields        | 1 |  1.0
Unarmed Combat | 1 |  1.0
Evocations     | 1 |  1.0
Dodging        | |  4.6
Stealth        | |  4.2
Hexes          | |  0.7
Summonings     | |  0.7
Necromancy     | |  0.7
Translocations | |  0.7
Transmutations | |  0.7
Fire Magic     | |  0.7
Ice Magic      | |  0.7
Air Magic      | |  5.4
Earth Magic    | |  0.7
Poison Magic   | |  0.7

Action                   |  1- 3 |  4- 6 || total
-------------------------+-------+-------++-------
 Cast: Shock             |    90 |     4 ||    94
Armor: Robe              |     1 |       ||     1
Dodge: Dodged            |    16 |       ||    16

Table legend: (Time is in decaauts)
 A = Elapsed time spent in this place.
 B = Non-inter-level travel time spent in this place.
 C = Inter-level travel time spent in this place.
 D = Time resting spent in this place.
 E = Time spent auto-exploring this place.
 F = Levels seen in this place.
 G = Mean time per level.
                   A        B        C        D        E       F      G
               +--------+--------+--------+--------+--------+-----+--------+
         Total |   2214 |   2190 |     24 |    292 |   1660 |   3 |  738.0 |
       Dungeon |   2214 |   2190 |     24 |    292 |   1660 |   3 |  738.0 |
               +--------+--------+--------+--------+--------+-----+--------+

Top non-repeatable levels by time:
     D:1: 1214 daAuts
     D:2: 762 daAuts
     D:3: 237 daAuts
